 Dungeon Crawl Stone Soup version 0.18-a0-337-g1235303 (webtiles) character file.

39 Raultor the Insei (level 3, -11/28 HPs)
             Began as a Draconian Transmuter on Nov 28, 2015.
             Mangled by Crazy Yiuf
             ... wielding a +4 quarterstaff of chaos
              (19 damage)
             ... on level 2 of the Dungeon.
             The game lasted 00:04:47 (1144 turns).

Raultor the Insei (Draconian Transmuter)            Turns: 1144, Time: 00:04:47

Health: -11/28     AC:  6    Str: 12    XL:     3   Next: 28%
Magic:  6/6        EV: 17    Int: 13    God:
Gold:   89         SH:  0    Dex: 17    Spells: 1 memorised, 5 levels left

rFire  . . .     SeeInvis .       - Unarmed
rCold  . . .     Clarity  .     (armour unavailable)
rNeg   . . .     SustAt   .     (no shield)
rPois  .         Gourm    .     (helmet restricted)
rElec  .         Spirit   .     j - +0 cloak
rCorr  .         Warding  .     (no gloves)
rMut   .         Stasis   .     (no boots)
MR     .....                    d - amulet of regeneration
Stlth  +++.......               (no ring)
                                (no ring)

@: agile, hasted, very quick, not resistant to hostile enchantments, fairly
stealthy
A: unfitting armour, cold-blooded, AC +5
a: no special abilities


You were on level 2 of the Dungeon.
You were very hungry.

You visited 1 branch of the dungeon, and saw 2 of its levels.

You collected 89 gold pieces.

Inventory:

Missiles
 a - 12 arrows
Armour
 j - a +0 cloak (worn)
Jewellery
 d - an amulet of regeneration (around neck)
 e - a cursed amulet of inaccuracy {unknown}
Scrolls
 f - a scroll of recharging {unknown}
 g - a scroll of fear {unknown}
 i - 4 scrolls of identify {unknown}
 l - 2 scrolls of noise {unknown}
 n - 2 scrolls of remove curse {unknown}
 o - a scroll of amnesia {unknown}
 p - a scroll of enchant weapon {unknown}
 t - a scroll of teleportation {unknown}
Potions
 h - a potion of agility
 m - a potion of cancellation
 r - a potion of degeneration {unknown}
 s - a potion of might {unknown}
 u - a potion of cure mutation {unknown}
Books
 b - a book of Changes

   Spells                             Type                      Level
   a - Beastly Appendage              Transmutation                1
   b - Sticks to Snakes               Transmutation                2
   c - Spider Form                    Transmutation/Poison         3
   d - Ice Form                       Ice/Transmutation            4
   e - Blade Hands                    Transmutation                5
 q - a book of Alchemy

   Spells                             Type                      Level
   a - Sublimation of Blood           Necromancy                   2
   b - Ignite Poison                  Fire/Transmutation/Poison    3
   c - Alistair's Intoxication        Transmutation/Poison         4
   d - Condensation Shield            Ice                          4
   e - Petrify                        Transmutation/Earth          4
   f - Irradiate                      Conjuration/Transmutation    5
Comestibles
 c - a bread ration


   Skills:
 - Level 1.1 Fighting
 - Level 1.7 Dodging
 + Level 3.5 Unarmed Combat
 - Level 2.0 Spellcasting
 * Level 3.2 Transmutations


You had 5 spell levels left.
You knew the following spells:

 Your Spells              Type           Power        Failure   Level  Hunger
a - Beastly Appendage     Trmt           #.....       10%         1    ##.....


Dungeon Overview and Level Annotations

Branches:
Dungeon (2/15)

Altars:
Fedhas
Gozag

Annotations:
D:2 Crazy Yiuf


Innate Abilities, Weirdness & Mutations

Your plain brown scales are hard (AC +5).
Your body does not fit into most forms of armour.
You are cold-blooded and may be slowed by cold attacks.


Message History

Crazy Yiuf glowers.
You are feeling very hungry.
You feel sick.
You are no longer poisoned.
There is a stone staircase leading up here.
Read which item? (? for menu, Esc to quit)
Okay, then.
Drink which item? (? for menu, Esc to quit)
It was a potion of cancellation.
You feel magically purged.
Crazy Yiuf hits you with a quarterstaff of chaos.
* * * LOW HITPOINT WARNING * * *
Drink which item? (? for menu, Esc to quit)
It was a potion of agility.
You feel agile all of a sudden. Crazy Yiuf barely misses you.
Drink which item? (? for menu, Esc to quit)
It was a potion of haste.
You feel yourself speed up.
Crazy Yiuf hits you with a quarterstaff of chaos!!
Ouch! That really hurt!
You die...

#.#
####.#..#####..##
#.# #..#..........
#.# ##>##..####...
#.# #.##.........
#.# #.#..######..
######.# ###....#
#... #......#
##.<..#.# #.#)
#.....##
####..####.## ####
#.....# ####.@g.##
#..# #..
#.....####....####
##.## #.#
#..........####
#..# #..
#.....###### ##.#
### #.....# #.##
#.. #.....#
#..##### #.....#
##...... #.....#
#...... #######
##.....


You could see Crazy Yiuf.

Vanquished Creatures
  2 worms (D:2)
  A giant gecko (D:2)
  2 bats
  2 giant cockroaches
  9 goblins
  3 hobgoblins (D:1)
  4 jackals (D:1)
  4 kobolds
  3 rats
30 creatures vanquished.

Notes
Turn   | Place    | Note
--------------------------------------------------------------
     0 | D:1      | Raultor the Draconian Transmuter began the quest for the Orb.
     0 | D:1      | Reached XP level 1. HP: 16/16 MP: 3/3
   116 | D:1      | Reached XP level 2. HP: 18/23 MP: 5/5
   646 | D:2      | Found an opulent altar of Gozag.
   696 | D:2      | Reached XP level 3. HP: 24/28 MP: 4/6
   842 | D:2      | Found a blossoming altar of Fedhas.
  1109 | D:2      | Noticed Crazy Yiuf
  1144 | D:2      | Mangled by Crazy Yiuf

Vault maps used:
D:1:      onia_arrival_pentagram
D:2:      nicolae_gozag_cash_rules_everything_around_me, marbit_many_paths,
          uniq_crazy_yiuf_cottage

Action                   || total
-------------------------++-------
Melee: Unarmed           ||   136
 Cast: Beastly Appendage ||     5
  Use: Potion            ||     3
